Map: Magannatha LE

Players

shadowXfox

  • Race: Zerg Zerg
  • Spawn Location: 5:00

A.I. 1 (Medium) - Winner!

  • Race: Protoss Protoss
  • Spawn Location: 11:00

VOD

Have the link to the VOD?

Description

Time

  • Played on: Aug. 22, 2025, 12:07 p.m.
  • Length: 7:42
Show
View Real Time Build Order
Export as new Build Order

shadowXfox Zerg 

Build Orders: Pool First 

Get SALT Encoding   

  12  0:00  Drone  
  13  0:25  Spawning Pool  
  13  0:26  Drone  
  13  0:37  Overlord  
  13  0:41  Drone  
  14  1:01  Drone x2  
  14  1:02  Drone  
  17  1:16  Queen  
  19  1:52  Queen  
  21  2:06  Zergling x4, Hatchery  
  22  2:13  Overlord  
  22  2:27  Extractor  
  22  2:28  Drone  
  22  2:35  Drone  
  22  2:36  Drone x2  
  25  2:38  Zergling x2  
  26  2:51  Drone  
  26  2:55  Extractor  
  26  2:56  Drone  
  27  3:05  Evolution Chamber  
  27  3:07  Zergling x6  
  29  3:15  Drone  
  30  3:29  Drone x2  
  32  3:35  Zerg Melee Weapons Level 1  
  32  3:42  Drone x2  
  32  3:43  Drone  
  32  3:44  Overlord  
  32  3:47  Drone  
  36  4:03  Lair  
  36  4:09  Spine Crawler  
  35  4:15  Drone x3  
  35  4:16  Drone x2  
  40  4:19  Queen  
  41  4:45  Zergling x6  
  39  4:55  Queen  
  39  4:56  Zergling x6  
  44  5:05  Metabolic Boost  
  44  5:12  Evolution Chamber  
  43  5:21  Hatchery  
  42  5:24  Infestation Pit, Drone x2  
  42  5:25  Drone  
  42  5:27  Overlord  
  42  5:28  Overlord x2  
  44  5:45  Queen  
  46  5:56  Drone  
  47  5:57  Drone x3  
  47  6:04  Hive  
  50  6:08  Zergling x10  
  50  6:09  Zergling x2  
  54  6:45  Zergling x6  
  47  7:03  Drone  
  47  7:04  Drone x7  
  55  7:19  Drone  
  55  7:20  Drone x2  
Show
View Real Time Build Order
Export as new Build Order

A.I. 1 (Medium) Protoss - Winner!

Build Orders:  

Get SALT Encoding   

  12  0:00  Probe  
  13  0:13  Probe  
  14  0:18  Pylon  
  14  0:25  Probe  
  15  0:33  Probe  
  15  0:39  Gateway  
  15  0:41  Probe  
  16  0:48  Assimilator  
  17  0:51  Probe  
  18  0:59  Pylon  
  18  1:26  Gateway  
  18  1:28  Cybernetics Core, Zealot  
  18  1:31  Assimilator  
  20  1:50  Zealot  
  20  1:54  Warp Gate  
  20  2:01  Pylon  
  22  2:12  Adept  
  24  2:30  Zealot  
  26  2:48  Zealot  
  26  2:49  Pylon  
  28  3:00  Probe  
  29  3:06  Zealot  
  31  3:12  Probe  
  32  3:21  Stalker  
  32  3:24  Forge  
  32  3:25  Probe  
  35  3:37  Probe  
  35  3:40  Pylon  
  36  3:42  Adept  
  38  3:49  Probe  
  39  4:00  Stalker  
  39  4:01  Probe  
  42  4:45  Probe  
  41  4:57  Probe  
  42  6:29  Probe  
  41  6:37  Probe  
  41  6:39  Sentry  
  44  6:43  Pylon  
  44  6:46  Probe  
  32  6:53  Stalker  
  25  6:58  Probe  
  25  6:59  Photon Cannon  
  26  7:06  Photon Cannon  
  26  7:07  Stalker  
  28  7:09  Stargate  
  28  7:10  Probe  
  28  7:12  Gateway  
  29  7:16  Twilight Council  
  29  7:19  Forge  
  29  7:21  Sentry  
  29  7:22  Probe  
  32  7:25  Robotics Facility  
  32  7:34  Sentry  
Tags
 
Matchup
PvZ
Opening
Pool First
Spawn Locations
Cross Positions
Add a new tag
Caveats
  • Supply blocks, unpowered buildings, or Contaminate may cause inaccurate times.
  • Supply counts are checked every 10 seconds.